TOP OF THE 1ST |
---|
Baffin Island Beavers batting - Pitching for New Orleans Looters : RHP Roy March | Pitching: RHP Roy March | | Batting: RHB Tomás Díaz | 0-0: Ball 1-0: Ground out 5-3 (Groundball, 5S) | Batting: LHB Norberto Muńóz | 0-0: Foul Ball, location: 2F 0-1: Foul Ball, location: 2F 0-2: Ball 1-2: Strikes out swinging | Batting: RHB Dave Craig | 0-0: Ball 1-0: Called Strike 1-1: Foul Ball, location: 2F 1-2: Foul Ball, location: 2F 1-2: Ball 2-2: Foul Ball, location: 2F 2-2: Ball 3-2: Base on Balls | Batting: RHB Tony Morton | 0-0: Foul Ball, location: 2F 0-1: Ball 1-1: Swinging Strike 1-2: Ball 2-2: SINGLE (Flyball, 78M) Dave Craig to second | Batting: LHB Howard Evans | 0-0: Ball 1-0: Ball 2-0: Called Strike 2-1: Called Strike 2-2: Fly out, F2 (Popup, 25F) | Top of the 1st over - 0 runs, 1 hit, 0 errors, 2 left on base; Baffin Island 0 - New Orleans 0 | BOTTOM OF THE 1ST |
---|
New Orleans Looters batting - Pitching for Baffin Island Beavers : RHP Jesse Little | Pitching: RHP Jesse Little | | Batting: LHB Miguel Colón | 0-0: Ball 1-0: Ball 2-0: Foul Ball, location: 2F 2-1: Ball 3-1: Base on Balls | Batting: RHB Rubén Vázquez | 0-0: Ball 1-0: Ball Miguel Colón steals 2nd base 2-0: Called Strike 2-1: Ground out 5-3 (Groundball, 56) | Batting: LHB Taylor Smith | 0-0: Ball Miguel Colón steals 3rd base 1-0: Called Strike 1-1: Ball 2-1: Fly out, F8 (Flyball, 8LXD) Runner from 3rd tags up, SCORES, no throw | Batting: RHB Dave O'Loan | 0-0: Ball 1-0: Called Strike 1-1: Foul Ball, location: 2F 1-2: SINGLE (Groundball, 56D) | Batting: RHB John Mendelson | 0-0: Called Strike 0-1: Swinging Strike 0-2: Ball 1-2: Strikes out swinging | Bottom of the 1st over - 1 run, 1 hit, 0 errors, 1 left on base; Baffin Island 0 - New Orleans 1 | TOP OF THE 2ND |
---|
Baffin Island Beavers batting - Pitching for New Orleans Looters : RHP Roy March | Batting: LHB Lorenzo Villa | 0-0: Called Strike 0-1: Ball 1-1: Fly out, F8 (Flyball, 8LM) | Batting: LHB César Valentín | 0-0: Foul Ball, location: 2F 0-1: Foul Ball, location: 2F 0-2: Foul Ball, location: 2F 0-2: Foul Ball, location: 2F 0-2: Foul Ball, location: 2F 0-2: DOUBLE (Line Drive, 9LM) | Batting: RHB Alden Isenhood | 0-0: Swinging Strike 0-1: Fly out, F7 (Flyball, 7S) | Batting: LHB Mike MacFadden | 0-0: Called Strike 0-1: Foul Ball, location: 2F 0-2: Ball 1-2: Ball 2-2: Strikes out looking | Top of the 2nd over - 0 runs, 1 hit, 0 errors, 1 left on base; Baffin Island 0 - New Orleans 1 | BOTTOM OF THE 2ND |
---|
New Orleans Looters batting - Pitching for Baffin Island Beavers : RHP Jesse Little | Batting: LHB Eduardo Rodríguez | 0-0: Called Strike 0-1: Foul Ball, location: 2F 0-2: Strikes out swinging | Batting: RHB Tim Gardner | 0-0: Called Strike 0-1: Ball 1-1: Foul Ball, location: 2F 1-2: Ball 2-2: Strikes out swinging | Batting: RHB Salvador Salas | 0-0: Called Strike 0-1: Called Strike 0-2: Ball 1-2: Foul Ball, location: 2F 1-2: Foul Ball, location: 2F 1-2: Strikes out swinging | Bottom of the 2nd over - 0 runs, 0 hits, 0 errors, 0 left on base; Baffin Island 0 - New Orleans 1 | TOP OF THE 3RD |
---|
Baffin Island Beavers batting - Pitching for New Orleans Looters : RHP Roy March | Batting: RHB Tomás Díaz | 0-0: Ball 1-0: Ball 2-0: Swinging Strike 2-1: Foul Ball, location: 2F 2-2: Strikes out swinging | Batting: LHB Norberto Muńóz | 0-0: Ball 1-0: Ball 2-0: Ball 3-0: Base on Balls | Batting: RHB Dave Craig | 0-0: SINGLE (Groundball, 6MD) Norberto Muńóz to second Runner from 2nd tries for 3rd, SAFE, throw made to third | Batting: RHB Tony Morton | 0-0: Called Strike 0-1: Swinging Strike 0-2: Ball 1-2: Strikes out looking | Batting: LHB Howard Evans | 0-0: Ball 1-0: Ball 2-0: Called Strike 2-1: Reached on error, E8 (Flyball, 8RXD) Norberto Muńóz scores Dave Craig to third | Batting: LHB Lorenzo Villa | 0-0: Ball 1-0: Ball 2-0: Ground out 4-3 (Groundball, 4) | Top of the 3rd over - 1 run, 1 hit, 1 error, 2 left on base; Baffin Island 1 - New Orleans 1 | BOTTOM OF THE 3RD |
---|
New Orleans Looters batting - Pitching for Baffin Island Beavers : RHP Jesse Little | Batting: RHB Run-ming Zhu | 0-0: Called Strike 0-1: Called Strike 0-2: Ball 1-2: Ball 2-2: Foul Ball, location: 2F 2-2: Ball 3-2: Foul Ball, location: 2F 3-2: Ground out 6-3 (Groundball, 56D) | Batting: LHB Miguel Colón | 0-0: Ball 1-0: Ball 2-0: Foul Ball, location: 2F 2-1: Ball 3-1: Called Strike 3-2: SINGLE (Groundball, 34) (infield hit) | Batting: RHB Rubén Vázquez | 0-0: Ball 1-0: Foul Ball, location: 2F 1-1: Ball 2-1: Foul Ball, location: 2F 2-2: Strikes out swinging Miguel Colón steals 2nd base Batter strikes out. | Batting: LHB Taylor Smith | 0-0: Ground out 4-3 (Groundball, 4) | Bottom of the 3rd over - 0 runs, 1 hit, 0 errors, 1 left on base; Baffin Island 1 - New Orleans 1 | TOP OF THE 4TH |
---|
Baffin Island Beavers batting - Pitching for New Orleans Looters : RHP Roy March | Batting: LHB César Valentín | 0-0: Called Strike 0-1: DOUBLE (Line Drive, 89D) | Batting: RHB Alden Isenhood | 0-0: Ball 1-0: Ground out 3-1 (Groundball, 34S) César Valentín to third | Batting: LHB Mike MacFadden | 0-0: Called Strike 0-1: Ball 1-1: Swinging Strike 1-2: Ball 2-2: Ball 3-2: Strikes out swinging | Batting: RHB Tomás Díaz | 0-0: Called Strike 0-1: Ball 1-1: Swinging Strike 1-2: Foul Ball, location: 2F 1-2: Foul Ball, location: 2F 1-2: Ground out 5-3 (Groundball, 5L) | Top of the 4th over - 0 runs, 1 hit, 0 errors, 1 left on base; Baffin Island 1 - New Orleans 1 | BOTTOM OF THE 4TH |
---|
New Orleans Looters batting - Pitching for Baffin Island Beavers : RHP Jesse Little | Batting: RHB Dave O'Loan | 0-0: Ball 1-0: Called Strike 1-1: Ball 2-1: Ground out 6-3 (Groundball, 6) | Batting: RHB John Mendelson | 0-0: Called Strike 0-1: Foul Ball, location: 2F 0-2: Ball 1-2: Ball 2-2: Fly out, F9 (Flyball, 9D) | Batting: LHB Eduardo Rodríguez | 0-0: Ball 1-0: Fly out, F7 (Flyball, 78S) | Bottom of the 4th over - 0 runs, 0 hits, 0 errors, 0 left on base; Baffin Island 1 - New Orleans 1 | TOP OF THE 5TH |
---|
Baffin Island Beavers batting - Pitching for New Orleans Looters : RHP Roy March | Batting: LHB Norberto Muńóz | 0-0: Called Strike 0-1: Ball 1-1: Ball 2-1: Ball 3-1: Ground out 1-3 (Groundball, 13) | Batting: RHB Dave Craig | 0-0: Foul Ball, location: 2F 0-1: Ball 1-1: Foul Ball, location: 2F 1-2: Ball 2-2: Ball 3-2: Ground out 4-3 (Groundball, 4) | Batting: RHB Tony Morton | 0-0: Foul Ball, location: 2F 0-1: Ball 1-1: Ball 2-1: Ball 3-1: Foul Ball, location: 2F 3-2: Strikes out swinging | Top of the 5th over - 0 runs, 0 hits, 0 errors, 0 left on base; Baffin Island 1 - New Orleans 1 | BOTTOM OF THE 5TH |
---|
New Orleans Looters batting - Pitching for Baffin Island Beavers : RHP Jesse Little | Batting: RHB Tim Gardner | 0-0: Ball 1-0: Ground out 5-3 (Groundball, 5D) | Batting: RHB Salvador Salas | 0-0: Fly out, F8 (Line Drive, 89D) | Batting: RHB Run-ming Zhu | 0-0: Called Strike 0-1: Ball 1-1: Ball 2-1: Swinging Strike 2-2: Ball 3-2: Strikes out swinging | Bottom of the 5th over - 0 runs, 0 hits, 0 errors, 0 left on base; Baffin Island 1 - New Orleans 1 | TOP OF THE 6TH |
---|
Baffin Island Beavers batting - Pitching for New Orleans Looters : RHP Roy March | Batting: LHB Howard Evans | 0-0: Ball 1-0: Ball 2-0: SOLO HOME RUN (Line Drive, 7LD), Distance : 347 ft | Batting: LHB Lorenzo Villa | 0-0: Ball 1-0: Ball 2-0: Ground out U3 (Groundball, 3) | Batting: LHB César Valentín | 0-0: SINGLE (Groundball, 3D) | Batting: RHB Alden Isenhood | 0-0: Ball 1-0: Fly out, F8 (Flyball, 8LD) | Batting: LHB Mike MacFadden | 0-0: Ball 1-0: Swinging Strike 1-1: Ground out 4-3 (Groundball, 4) | Top of the 6th over - 1 run, 2 hits, 0 errors, 1 left on base; Baffin Island 2 - New Orleans 1 | BOTTOM OF THE 6TH |
---|
New Orleans Looters batting - Pitching for Baffin Island Beavers : RHP Jesse Little | Batting: LHB Miguel Colón | 0-0: Swinging Strike 0-1: Ball 1-1: Ball 2-1: DOUBLE (Line Drive, 7LD) | Batting: RHB Rubén Vázquez | 0-0: Fly out, F5 (Line Drive, 5S) | Batting: LHB Taylor Smith | 0-0: Ball 1-0: Called Strike 1-1: Ball 2-1: Ground out 1-4-3 (Groundball, 15S) Miguel Colón to third | Pitching: RHP Beau Brown | | Batting: RHB Dave O'Loan | 0-0: Called Strike 0-1: Ball 1-1: Called Strike 1-2: SINGLE (Groundball, 6MD) Miguel Colón scores | Batting: RHB John Mendelson | 0-0: Foul Ball, location: 2F 0-1: Ball 1-1: Called Strike Dave O'Loan steals 2nd base 1-2: Ball 2-2: Fly out, F5 (Line Drive, 5) | Bottom of the 6th over - 1 run, 2 hits, 0 errors, 1 left on base; Baffin Island 2 - New Orleans 2 | TOP OF THE 7TH |
---|
Baffin Island Beavers batting - Pitching for New Orleans Looters : RHP Roy March | Pitching: RHP Ienobu Sato | | Batting: RHB Tomás Díaz | 0-0: Ball 1-0: Ball 2-0: Called Strike 2-1: Ball 3-1: Foul Ball, location: 2F 3-2: Foul Ball, location: 2F 3-2: Foul Ball, location: 2F 3-2: Strikes out swinging | Pitching: LHP Tadao Yoshida | | Batting: LHB Norberto Muńóz | 0-0: Ball 1-0: Ball 2-0: Ball 3-0: Called Strike 3-1: Foul Ball, location: 2F 3-2: Fly out, F9 (Flyball, 9S) | Pitching: RHP Fergus Wakeford | | Batting: RHB Dave Craig | 0-0: Ball 1-0: Foul Ball, location: 2F 1-1: Called Strike 1-2: Foul Ball, location: 2F 1-2: Ball 2-2: Fly out, F8 (Flyball, 8RD) | Top of the 7th over - 0 runs, 0 hits, 0 errors, 0 left on base; Baffin Island 2 - New Orleans 2 | BOTTOM OF THE 7TH |
---|
New Orleans Looters batting - Pitching for Baffin Island Beavers : RHP Beau Brown | Pitching: LHP Roberto Barrón | | Batting: LHB Eduardo Rodríguez | 0-0: Called Strike 0-1: Ball 1-1: Foul Ball, location: 2F 1-2: Strikes out swinging | Pitching: RHP Colm Stewart | | Pinch Hitting: SHB Arturo Sánchez | 0-0: Ground out 6-3 (Groundball, 6MD) | Batting: RHB Salvador Salas | 0-0: Called Strike 0-1: Swinging Strike 0-2: Ball 1-2: Strikes out swinging | Bottom of the 7th over - 0 runs, 0 hits, 0 errors, 0 left on base; Baffin Island 2 - New Orleans 2 | TOP OF THE 8TH |
---|
Baffin Island Beavers batting - Pitching for New Orleans Looters : RHP Fergus Wakeford | Now at 3B: Arturo Sánchez | | Batting: RHB Tony Morton | 0-0: Ball 1-0: Ball 2-0: DOUBLE (Line Drive, 7LD) | Batting: LHB Howard Evans | 0-0: Ball 1-0: Ball 2-0: Fly out, F6 (Flyball, 56D) | Batting: LHB Lorenzo Villa | 0-0: Intentional Walk | Batting: LHB César Valentín | 0-0: Ball 1-0: Ball 2-0: Foul Ball, location: 2F 2-1: Ball 3-1: Ball Tony Morton to third Lorenzo Villa to second | Batting: RHB Alden Isenhood | 0-0: Ball 1-0: Ball 2-0: Called Strike 2-1: Swinging Strike 2-2: Strikes out swinging | Batting: LHB Mike MacFadden | 0-0: Called Strike 0-1: Foul Ball, location: 2F 0-2: Foul Ball, location: 2F 0-2: Ball 1-2: Ground out 4-3 (Groundball, 4S) | Top of the 8th over - 0 runs, 1 hit, 0 errors, 3 left on base; Baffin Island 2 - New Orleans 2 | BOTTOM OF THE 8TH |
---|
New Orleans Looters batting - Pitching for Baffin Island Beavers : RHP Colm Stewart | Batting: RHB Run-ming Zhu | 0-0: Ball 1-0: Ball 2-0: Foul Ball, location: 2F 2-1: Foul Ball, location: 2F 2-2: Ball 3-2: SINGLE (Groundball, 34D) | Batting: LHB Miguel Colón | 0-0: Sac Bunt - play at second, runner OUT! 2-6 | Pinch Hitting: LHB Tony Abete | 0-0: Called Strike 0-1: Ball Miguel Colón steals 2nd base 1-1: Ball 2-1: Ball 3-1: Ground out U3 (Groundball, 34) Miguel Colón to third | Batting: LHB Taylor Smith | 0-0: Intentional Walk | Batting: RHB Dave O'Loan | 0-0: SINGLE (Line Drive, 9S) Miguel Colón scores Taylor Smith to second Runner from 2nd tries for 3rd, SAFE, throw made to third | Batting: RHB John Mendelson | 0-0: Called Strike 0-1: Reached on error, E6 (Groundball, 6) Taylor Smith scores Dave O'Loan to second | Pitching: RHP Tony Rocha | | Batting: LHB Eduardo Rodríguez | 0-0: Ball 1-0: Ball 2-0: Ball 3-0: Called Strike 3-1: Ground out 4-3 (Groundball, 4) | Bottom of the 8th over - 2 runs, 2 hits, 1 error, 2 left on base; Baffin Island 2 - New Orleans 4 | TOP OF THE 9TH |
---|
Baffin Island Beavers batting - Pitching for New Orleans Looters : RHP Fergus Wakeford | Pitching: LHP Juan Méndez | | Now in LF: Tony Abete | | Batting: RHB Tomás Díaz | 0-0: Ball 1-0: Ball 2-0: Foul Ball, location: 2F 2-1: Ball 3-1: Fly out, F8 (Flyball, 8LD) | Batting: LHB Norberto Muńóz | 0-0: Called Strike 0-1: Ball 1-1: Ball 2-1: SINGLE (Flyball, 89M) | Batting: RHB Dave Craig | 0-0: Called Strike 0-1: Ball 1-1: Foul Ball, location: 2F 1-2: Ball 2-2: Foul Ball, location: 2F 2-2: Ball 3-2: Grounds into double play, 6-4-3 (Groundball, 6M) | Top of the 9th over - 0 runs, 1 hit, 0 errors, 0 left on base; Baffin Island 2 - New Orleans 4 | |